[Event "Team 45 45 League T33"]
[Site "Internet Chess Club"]
[Date "2007.05.06"]
[Round "3"]
[White "WzeroMN"]
[Black "uipawn"]
[Result "1-0"]
[WhiteElo "1178"]
[BlackElo "1113"]
[ECO "B07"]
[TimeControl "2700+45"]

1. e4 d6 2. d4 c6 3. Nf3 Bg4 4. Be2 e6 5. Bg5 Qb6 6. b3 Be7 7. Bxe7 Nxe7 8. O-O
O-O 9. Qd3 Ng6 10. Qe3 Na6 11. Nbd2 d5 12. e5 Nb4 13. c3 Nc2 14. Qf4 Nxa1 15.
Qxg4 Nc2 16. Nb1 Qa5 17. a4 c5 18. Bd3 cxd4 19. Bxc2 dxc3 20. Qd4 Rac8 21. Rc1
Qc5 22. Qxc5 Rxc5 23. Bxg6 hxg6 24. Rxc3 Rxc3 25. Nxc3 Rc8 26. Ne2 Rc2 27. Kf1
a5 28. Ned4 Rc1+ 29. Ne1 Rd1 30. Nc2 d4 31. Ke2 Rb1 32. Nxd4 Kf8 33. f4 Rc1 34.
Nd3 Rc8 35. Nf2 Rb8 36. Nb5 Rc8 37. Ne4 Ke7 38. Ned6 Rc2+ 39. Kd3 Rxg2 40. Nxb7
Rxh2 41. Nxa5 Rh3+ 42. Ke4 Rh1 43. Nc4 Re1+ 44. Kf3 Rf1+ 45. Ke4 Rb1 46. a5 Rxb3
47. Nd4 Rb4 48. Nc6+ Kd7 49. Nxb4 Kc7 50. a6 Kb8 51. Kd4 Ka7 52. Kc5 f6 53. exf6
gxf6 54. Kd6 e5 55. fxe5 f5 56. Nd2 g5 57. e6 f4 58. e7 g4 59. e8=Q f3 60. Nxf3
gxf3 61. Qf7+ Kb6 62. Qxf3 {Black resigns} 1-0

[Event "Team 45 45 League T33"]
[Site "Internet Chess Club"]
[Date "2007.05.06"]
[Round "3"]
[White "Beancounter"]
[Black "Gran-Alfil"]
[Result "1-0"]
[WhiteElo "1716"]
[BlackElo "1611"]
[ECO "E94"]
[TimeControl "2700+45"]

1. d4 Nf6 2. c4 d6 3. Nc3 g6 4. e4 Bg7 5. Nf3 O-O 6. Be2 e5 7. O-O exd4 8. Nxd4
Re8 9. f3 c6 10. Be3 d5 11. cxd5 Nxd5 12. Bf2 Nxc3 13. bxc3 Qa5 14. Qc2 Nd7 15.
Rac1 Nf6 16. Nb3 Qd8 17. Rfd1 Qe7 18. Bc5 Qc7 19. Kh1 Be6 20. Nd4 Rad8 21. Nxe6
Rxe6 22. Rxd8+ Qxd8 23. Bc4 Re8 24. Bxa7 b6 25. Rb1 Nd7 26. Qb3 Ne5 27. Bxb6 Qd2
28. Rd1 Qg5 29. Bd4 Rd8 30. Bf1 h5 31. Bf2 Rxd1 32. Qxd1 h4 33. a4 Kh7 34. a5
Nxf3 35. Qxf3 Qxa5 36. Bd4 Bxd4 37. cxd4 Kg7 38. e5 Qe1 39. Kg1 Kg8 40. Qf2 Qe4
41. Bc4 Qb1+ 42. Qf1 Qb7 43. e6 fxe6 44. Bxe6+ Kg7 45. Bc4 Qe7 46. Qf3 Qe1+ 47.
Bf1 Qe6 48. Kf2 Kh6 49. Qe3+ Qxe3+ 50. Kxe3 Kg5 51. Ke4 Kf6 52. Bc4 g5 53. Bb3
g4 54. Kf4 h3 55. g3 Kg6 56. Kxg4 Kh6 57. Kxh3 Kh5 58. g4+ Kg5 59. Kg3 Kg6 60.
Kf4 Kf6 61. h4 Kg6 62. Bc2+ Kf6 63. h5 Kg7 64. Kg5 Kg8 65. Kg6 Kh8 66. g5 Kg8
67. Kf6 Kh8 68. g6 Kg8 69. g7 c5 70. h6 cxd4 71. h7# {Black checkmated} 1-0

[Event "Team 45 45 League T33"]
[Site "Internet Chess Club"]
[Date "2007.05.04"]
[Round "3"]
[White "Frankly"]
[Black "Stav"]
[Result "0-1"]
[WhiteElo "1630"]
[BlackElo "1752"]
[ECO "A56"]
[TimeControl "2700+45"]

1. d4 Nf6 2. c4 c5 3. d5 e5 4. Nc3 d6 5. e4 Be7 6. Nf3 O-O 7. Be2 Ne8 8. Qc2 g6
9. Bd2 Ng7 10. O-O-O Na6 11. a3 Nc7 12. Bh6 a6 13. h4 Bd7 14. Rh2 b5 15. Rdh1
bxc4 16. Bxc4 Nb5 17. Qd2 Nd4 18. Nxd4 cxd4 19. Ne2 Qc7 20. b3 Rfc8 21. Bxg7
Kxg7 22. h5 Rh8 23. hxg6 hxg6 24. Rxh8 Rxh8 25. Rxh8 Kxh8 26. Kb2 a5 27. f4 a4
28. b4 Qxc4 29. fxe5 Qb3+ 30. Kc1 Qxa3+ 31. Kd1 Qa1+ 32. Nc1 dxe5 33. d6 Bxd6
34. Qg5 Kg7 35. Qd2 Bg4+ 36. Ke1 Qc3 37. Qxc3 dxc3 38. b5 c2 39. b6 Bd1 40. Kd2
Kf8 41. Na2 Ke8 42. Nc3 Kd7 43. Nxa4 Kc6 44. Nc3 Bb4 45. Kc1 Bxc3 {White
resigns} 0-1

[Event "Team 45 45 League T33"]
[Site "Internet Chess Club"]
[Date "2007.05.06"]
[Round "3"]
[White "degi"]
[Black "Smart"]
[Result "0-1"]
[WhiteElo "1289"]
[BlackElo "1538"]
[ECO "A25"]
[TimeControl "2700+45"]

1. c4 e5 2. Nc3 Nc6 3. e3 Bb4 4. Nge2 Nf6 5. g3 b6 6. Bg2 Bb7 7. d4 exd4 8. Nxd4
Bxc3+ 9. bxc3 d5 10. Qa4 Qd7 11. O-O O-O 12. Rd1 Ne4 13. Bxe4 dxe4 14. Ba3 Rfd8
15. Ne2 Qg4 16. Rxd8+ Rxd8 17. Nd4 Qd7 18. Rd1 a6 19. Qc2 Ne5 20. c5 Nf3+ 21.
Kg2 b5 22. Rb1 c6 23. Nxf3 exf3+ 24. Kxf3 Qd5+ 25. e4 Qd3+ 26. Qxd3 Rxd3+ 27.
Ke2 Rd8 28. c4 Bc8 29. cxb5 axb5 30. Rd1 Rxd1 31. Kxd1 Be6 32. Kc2 Bxa2 33. Kc3
Kf8 34. Kb4 Ke7 35. f4 Bb1 36. Bb2 g6 37. e5 Ke6 38. Bc3 Kf5 39. Ka5 Be4 40. Bd2
Kg4 41. Kb6 Kh3 42. Kc7 Kxh2 43. Kd6 Kxg3 44. Ke7 Bd5 45. Kf6 h5 46. Kg5 Be6 47.
Bb4 Kf3 48. Bd2 Ke4 49. Kf6 Kd4 50. Bb4 Kc4 {White resigns} 0-1

[Event "Team 45 45 League T33"]
[Site "Internet Chess Club"]
[Date "2007.05.06"]
[Round "3"]
[White "fibin"]
[Black "curtintime"]
[Result "1-0"]
[WhiteElo "1468"]
[BlackElo "1330"]
[ECO "C50"]
[TimeControl "2700+45"]

1. e4 e5 2. Nf3 Nc6 3. Bc4 Bc5 4. d3 Nf6 5. Nc3 O-O 6. Bg5 d6 7. Nd5 Bg4 8. Bxf6
gxf6 9. h3 Bh5 10. g4 Bg6 11. Qd2 b6 12. O-O-O Kg7 13. h4 h5 14. gxh5 Bxh5 15.
Rdg1+ Kh7 16. Ng5+ fxg5 17. hxg5 Kg6 18. Nf6 Rh8 19. Nxh5 Rxh5 20. Rxh5 Kxh5 21.
Bxf7+ Kh4 22. Rh1+ Kg4 23. Be6+ Kf3 24. Rh3+ Kg2 25. f3+ Bf2 26. g6 Nd4 27. Bg4
Qf6 28. c3 Ne6 29. Qd1 Qg5+ 30. Kc2 Bg1 31. Qe1 Qf4 32. Bxe6 Qg5 33. Bf5 a5 34.
Qe2+ Bf2 35. Rh7 a4 36. Rxc7 Rh8 37. Rh7 Rxh7 38. gxh7 Qg7 39. Qd2 b5 40. f4 Kf3
41. fxe5 dxe5 42. Qd1+ Kg2 43. Qh5 Kg1 44. h8=Q Qg2 45. Qd1+ Be1+ 46. Kb1 Qf2
47. Qg8+ Kh2 48. Qh5+ Qh4 49. Qxh4+ Bxh4 50. Qd5 {Black resigns} 1-0

[Event "Team 45 45 League T33"]
[Site "Internet Chess Club"]
[Date "2007.05.05"]
[Round "3"]
[White "viking99"]
[Black "Changuito-77"]
[Result "1-0"]
[WhiteElo "1846"]
[BlackElo "1811"]
[ECO "C72"]
[TimeControl "2700+45"]

1. e4 e5 2. Nf3 Nc6 3. Bb5 a6 4. Ba4 d6 5. O-O Bg4 6. c3 Qf6 7. d3 Ne7 8. Nbd2
Ng6 9. Bxc6+ bxc6 10. Qa4 Bd7 11. Nc4 c5 12. Qb3 Qd8 13. Ne3 Rb8 14. Qc2 Be7 15.
Nd5 O-O 16. d4 exd4 17. cxd4 Re8 18. dxc5 Bb5 19. Nxe7+ Qxe7 20. Re1 dxc5 21.
Be3 Qxe4 22. Qxe4 Rxe4 23. Bxc5 Bc6 24. Rxe4 Bxe4 25. Nd2 Bd5 26. b3 Ne5 27. Nf1
f6 28. Rd1 Be6 29. Ne3 Rb5 30. Ba3 Ra5 31. Bb2 Rxa2 32. Bxe5 fxe5 33. Rb1 Bxb3
34. Rxb3 Ra1+ 35. Nf1 Rc1 36. g3 c5 37. Kg2 Ra1 38. Re3 Kf7 39. Rxe5 c4 40. Rc5
Rc1 41. Ne3 Ke7 42. Kf3 Kd6 43. Ra5 c3 44. Rxa6+ Kc5 45. Ra4 Kd6 46. Rc4 Ke5 47.
h4 Kd6 48. Ke2 Ke5 49. Kd3 g5 50. hxg5 c2 51. Nxc2 Kd5 52. Ne3+ {Black resigns}
1-0

[Event "Team 45 45 League T33"]
[Site "Internet Chess Club"]
[Date "2007.05.06"]
[Round "3"]
[White "ChicoKid"]
[Black "rubashov"]
[Result "1/2-1/2"]
[WhiteElo "1805"]
[BlackElo "1587"]
[ECO "D35"]
[TimeControl "2700+45"]

1. d4 Nf6 2. c4 e6 3. Nc3 d5 4. cxd5 exd5 5. Bg5 Be7 6. e3 O-O 7. Bd3 Re8 8. Qc2
h6 9. Bf4 Nc6 10. a3 Nh5 11. Nge2 Nxf4 12. Nxf4 Bd6 13. Nce2 Bxf4 14. Nxf4 Nxd4
15. Qc3 Nc6 16. O-O d4 17. exd4 Qxd4 18. Qxd4 Nxd4 19. Nd5 Ne6 20. Rfe1 c6 21.
Nc3 Bd7 22. Ne4 Nd4 23. Nc5 Rxe1+ 24. Rxe1 Bf5 25. Bxf5 Nxf5 26. Nxb7 Rb8 27.
Na5 Rxb2 28. Nxc6 Ra2 29. Nxa7 Rxa3 30. Nb5 Rb3 31. Nc7 Kh7 32. Kf1 Rc3 33. Nd5
Rd3 34. Re5 g6 35. Ke2 Rd4 36. Ne3 Nxe3 37. Kxe3 Rd1 38. Rc5 Kg7 39. f4 Re1+ 40.
Kf2 Re4 41. Kf3 Rb4 42. g4 {Game drawn by mutual agreement} 1/2-1/2

[Event "Team 45 45 League T33"]
[Site "Internet Chess Club"]
[Date "2007.05.05"]
[Round "3"]
[White "OOB1"]
[Black "GadsHill"]
[Result "1-0"]
[WhiteElo "1561"]
[BlackElo "1612"]
[ECO "B07"]
[TimeControl "2700+45"]

1. e4 d6 2. d4 Nf6 3. Nc3 Nbd7 4. e5 dxe5 5. dxe5 Nxe5 6. Qxd8+ Kxd8 7. Bf4 Ng6
8. O-O-O+ Bd7 9. Bg3 c6 10. Nf3 Ke8 11. h4 h5 12. Bd3 Bg4 13. Be2 e6 14. Ne5
Nxe5 15. Bxe5 Bxe2 16. Nxe2 Ng4 17. Bg3 Bc5 18. Nd4 Bxd4 19. Rxd4 e5 20. Re1 f6
21. f4 Nh6 22. fxe5 Nf5 23. exf6+ Kf7 24. Rd7+ Kxf6 25. Rf1 Ke6 26. Rd3 Nxg3 27.
Rxg3 Rhg8 28. Re1+ Kd6 29. Rg6+ Kd7 30. Re5 Raf8 31. Rxh5 Rf6 32. Rg3 Rgf8 33.
Rxg7+ Ke8 34. Re5+ Kd8 35. b3 Rf1+ 36. Kb2 Rh1 37. Rh5 Kc8 38. g3 Rd8 39. Kc3
Rd7 40. Rh8+ Kc7 41. Rxd7+ Kxd7 42. g4 Rf1 43. g5 Rf3+ 44. Kb2 Rg3 45. Rh7+ Ke6
46. Rxb7 Rg4 47. Rh7 a5 48. Rh6+ Kd5 49. c4+ Kc5 50. g6 Kb4 51. a3+ Kc5 52. Rh5+
Kd4 53. Rg5 Rxh4 54. g7 Rh2+ 55. Kc1 Rh1+ 56. Kd2 Rh2+ 57. Ke1 Ke3 58. Kf1 Kf3
59. Kg1 Re2 60. g8=Q Re1+ 61. Kh2 Re2+ 62. Kh3 {Black resigns} 1-0

[Event "Team 45 45 League T33"]
[Site "Internet Chess Club"]
[Date "2007.05.06"]
[Round "3"]
[White "Russellovich"]
[Black "Mfalme"]
[Result "1-0"]
[WhiteElo "1467"]
[BlackElo "1332"]
[ECO "C41"]
[TimeControl "2700+45"]

1. e4 e5 2. Nf3 d6 3. d4 exd4 4. Nxd4 Nf6 5. Nc3 Be7 6. Bd3 a6 7. a4 c5 8. Nf3
Nc6 9. Nd5 Bg4 10. Be3 Nxd5 11. exd5 Ne5 12. Be2 Bf6 13. Nxe5 Bxe2 14. Qxe2 Bxe5
15. O-O O-O 16. c4 Re8 17. Rab1 Bd4 18. Qd3 Be5 19. b4 cxb4 20. Rxb4 Qc7 21. Rc1
a5 22. Rb5 Reb8 23. Rcb1 Rc8 24. Rxb7 Qxc4 25. Qxc4 {Black resigns} 1-0

[Event "Team 45 45 League T33"]
[Site "Internet Chess Club"]
[Date "2007.05.06"]
[Round "3"]
[White "Traho"]
[Black "moreffee"]
[Result "1/2-1/2"]
[WhiteElo "1330"]
[BlackElo "1268"]
[ECO "B21"]
[TimeControl "2700+45"]

1. e4 c5 2. d4 cxd4 3. c3 dxc3 4. Nxc3 Nc6 5. Nf3 d6 6. Bc4 Nf6 7. h3 e6 8. O-O
Be7 9. Qe2 O-O 10. Rd1 Qc7 11. Nb5 Qb8 12. Bg5 Rd8 13. Rac1 a6 14. Nbd4 Nxd4 15.
Nxd4 e5 16. Nf3 b5 17. Bb3 Ra7 18. Rc2 Rad7 19. Bxf6 Bxf6 20. Bd5 Bb7 21. b4
Bxd5 22. Rxd5 Rc7 23. Rd1 Rxc2 24. Qxc2 Be7 25. a3 Rc8 26. Qd2 Qc7 27. Ne1 h6
28. g3 Qc3 29. Qxc3 Rxc3 30. Ra1 Bg5 31. a4 Rc1 32. Rxc1 Bxc1 33. a5 f6 34. Nd3
Bd2 35. Kf1 Kf7 36. Ke2 Bc3 37. f3 Ke6 38. g4 g5 39. Kf2 Bd4+ 40. Kg3 d5 41. h4
dxe4 42. fxe4 Be3 43. Kf3 Bd4 44. Kg3 Kd6 45. h5 Kc6 46. Kf3 Kb7 47. Ke2 Kc6 48.
Kd2 Kd6 {Game drawn by mutual agreement} 1/2-1/2

[Event "Team 45 45 League T33"]
[Site "Internet Chess Club"]
[Date "2007.05.12"]
[Round "3"]
[White "Dalcon"]
[Black "guyd52"]
[Result "1-0"]
[WhiteElo "1346"]
[BlackElo "1284"]
[ECO "B08"]
[TimeControl "2700+45"]

1. e4 g6 2. d4 d6 3. Nf3 Nf6 4. Nc3 Bg7 5. Bc4 O-O 6. O-O Nbd7 7. Re1 e5 8. Bg5
b6 9. Nd5 Bb7 10. Nxf6+ Bxf6 11. Bxf6 Qxf6 12. dxe5 Nxe5 13. Nxe5 Qxe5 14. Bd5
Bxd5 15. exd5 Qxb2 16. Re7 Qc3 17. Qb1 Rfe8 18. Qe1 Rxe7 19. Qxc3 Rae8 20. Kf1
Rc8 21. Re1 Rd7 22. Qc6 Rcd8 23. Re8+ Rxe8 24. Qxd7 Re5 25. c4 Re4 26. Qxc7 Rd4
27. Qxa7 Rxc4 28. g3 Rd4 29. a4 Rxd5 30. Qa8+ Kg7 31. Qxd5 h5 32. Qxd6 Kh6 33.
Qxb6 Kg5 34. h3 f5 35. Qe3+ Kf6 36. g4 hxg4 37. hxg4 g5 38. gxf5 Kxf5 39. Qf3+
Kg6 40. Kg2 Kh6 41. Kg3 Kg6 42. Kg4 Kh6 43. Qf5 Kg7 44. Qxg5+ Kf7 45. Kf5 Ke8
46. Qg7 Kd8 47. Ke6 Kc8 48. Kd6 Kb8 49. Kc6 Ka8 50. Qb7# {Black checkmated} 1-0

[Event "Team 45 45 League T33"]
[Site "Internet Chess Club"]
[Date "2007.05.05"]
[Round "3"]
[White "Conjurer"]
[Black "Tom45"]
[Result "1-0"]
[WhiteElo "1397"]
[BlackElo "1202"]
[ECO "A39"]
[TimeControl "2700+45"]

1. c4 c5 2. Nc3 Nc6 3. Nf3 Nf6 4. g3 g6 5. Bg2 Bg7 6. O-O O-O 7. d4 d5 8. b3 a6
9. dxc5 dxc4 10. Nd2 Nh5 11. Bb2 Bxc3 12. Bxc3 cxb3 13. Nxb3 Qxd1 14. Rfxd1 Be6
15. Rd2 Rad8 16. Rad1 Rxd2 17. Rxd2 Bxb3 18. axb3 Rd8 19. b4 Rxd2 20. Bxd2 Nf6
21. Bc3 e5 22. Bxc6 bxc6 23. Bxe5 Kg7 24. f3 h5 25. h4 Kh6 26. Bxf6 Kh7 27. Kf2
Kg8 28. Be7 Kg7 29. Ke3 f5 30. Kf4 Kf7 31. Bd6 Ke6 32. Kg5 Kf7 33. Bf4 Ke6 34.
Kxg6 {Black resigns} 1-0

[Event "Team 45 45 League T33"]
[Site "Internet Chess Club"]
[Date "2007.05.05"]
[Round "3"]
[White "cobbler"]
[Black "WilmaP"]
[Result "0-1"]
[WhiteElo "1137"]
[BlackElo "1157"]
[ECO "D05"]
[TimeControl "2700+45"]

1. Nf3 e6 2. d4 d5 3. e3 Nf6 4. Nbd2 Nbd7 5. Bd3 Bd6 6. O-O c6 7. e4 dxe4 8.
Nxe4 Nxe4 9. Bxe4 Qc7 10. g3 b6 11. Qd3 Nf6 12. Bg5 Ba6 13. Bxc6+ Qxc6 14. Ne5
Bxe5 15. Qxa6 Bxd4 16. c3 Be5 17. Rfe1 Ne4 18. Be3 O-O 19. f4 Bf6 20. Qe2 Rfe8
21. Qg4 e5 22. f5 Nc5 23. Qc4 e4 24. a4 Rac8 25. Red1 Nd3 26. Qa6 Nxb2 27. Rdb1
Nc4 28. Bd4 Bxd4+ 29. cxd4 h6 30. Rc1 Qd5 31. Rab1 Qxd4+ 32. Kg2 Ne3+ 33. Kh3
Rxc1 34. Rxc1 Nxf5 35. Rc8 Rxc8 36. Qxc8+ Kh7 37. Qxf5+ Kg8 38. Qc8+ Kh7 39.
Qf5+ g6 40. Qxf7+ Kh8 41. Qf8+ Kh7 42. Qf7+ Qg7 43. Qxg7+ Kxg7 44. Kg2 Kf6 45.
Kf2 Ke5 46. Ke3 a6 47. g4 b5 48. axb5 axb5 49. h4 b4 50. Kd2 Kd4 51. Kc2 e3 52.
g5 hxg5 53. h5 gxh5 54. Kc1 e2 55. Kd2 h4 56. Kxe2 h3 57. Kf2 g4 58. Kg3 b3 59.
Kh2 b2 60. Kg1 b1=Q+ 61. Kh2 Qf1 62. Kg3 Qg2+ 63. Kh4 h2 64. Kh5 h1=Q+ 65. Kg5
Qd5+ 66. Kg6 Qhh5+ 67. Kg7 Qhe5+ 68. Kg6 Qed6+ 69. Kg7 Qb7+ {White resigns} 0-1

[Event "Team 45 45 League T33"]
[Site "Internet Chess Club"]
[Date "2007.05.03"]
[Round "3"]
[White "schweppz"]
[Black "zatopek1"]
[Result "1-0"]
[WhiteElo "1400"]
[BlackElo "1363"]
[ECO "C24"]
[TimeControl "2700+45"]

1. e4 e5 2. Bc4 Nf6 3. d4 d6 4. dxe5 dxe5 5. Bxf7+ Ke7 6. Qxd8+ Kxd8 7. Nc3 Ke7
8. Bb3 c6 9. Nf3 Nbd7 10. Be3 b6 11. O-O-O h6 12. Nh4 Ng4 13. Ng6+ Kf6 14. Nxh8
Nxe3 15. fxe3 Nc5 16. Rhf1+ Ke7 17. Ng6+ Ke8 {Black resigns} 1-0

[Event "Team 45 45 League T33"]
[Site "Internet Chess Club"]
[Date "2007.05.07"]
[Round "3"]
[White "Orforded"]
[Black "oldsj"]
[Result "0-1"]
[WhiteElo "1247"]
[BlackElo "1416"]
[ECO "C45"]
[TimeControl "2700+45"]

1. e4 e5 2. Nf3 Nc6 3. d4 exd4 4. Nxd4 Bc5 5. Nxc6 Qf6 6. Be3 Bxe3 7. fxe3 dxc6
8. Nc3 Be6 9. Qd4 Qg5 10. O-O-O Ne7 11. h4 Qh6 12. Be2 O-O 13. g4 g6 14. g5 Qg7
15. Qxg7+ Kxg7 16. h5 Rad8 17. h6+ Kg8 18. b3 c5 19. Nb5 c6 20. Nc7 Bc8 21. e5
Rd7 22. Rxd7 Bxd7 23. Bc4 b5 24. e6 bxc4 25. exd7 Rd8 26. Rd1 cxb3 27. axb3 Nf5
28. e4 Nd4 29. Na6 Rxd7 30. Nxc5 Ne2+ 31. Kb2 Rxd1 32. e5 Rd5 33. Nd3 Nd4 34. c4
Rd8 35. Nc5 Rb8 36. Kc3 Ne6 37. Nd7 Rd8 38. Nf6+ Kh8 39. Kb4 c5+ 40. Kb5 Rb8+
41. Ka4 Rb7 42. Ka3 Nxg5 43. Ne8 Ne4 44. Ka4 Re7 45. Nd6 Nxd6 46. exd6 Rd7 47.
Kb5 Rxd6 48. Kxc5 Rb6 49. b4 f5 50. b5 f4 51. Kd4 a5 52. Kc5 Rb8 53. b6 f3 54.
Kc6 f2 55. Kc7 Rxb6 56. Kxb6 f1=Q 57. c5 a4 58. c6 Qb1+ 59. Kc7 a3 60. Kd7 Qd3+
61. Kc8 a2 62. c7 a1=Q 63. Kb8 Qb5+ 64. Kc8 Qe8+ 65. Kb7 Qaa8+ 66. Kb6 Qec6#
{White checkmated} 0-1

[Event "Team 45 45 League T33"]
[Site "Internet Chess Club"]
[Date "2007.05.06"]
[Round "3"]
[White "EyeAm"]
[Black "t-hobbes"]
[Result "1/2-1/2"]
[WhiteElo "1408"]
[BlackElo "1317"]
[ECO "C54"]
[TimeControl "2700+45"]

1. e4 e5 2. Nf3 Nc6 3. Bc4 Bc5 4. c3 Nf6 5. d4 exd4 6. cxd4 Bb4+ 7. Bd2 Bxd2+ 8.
Nbxd2 d5 9. exd5 Nxd5 10. O-O Bg4 11. Qc2 Nde7 12. Rfe1 Nxd4 13. Nxd4 Qxd4 14.
Re4 Qd7 15. Rae1 O-O-O 16. Rxe7 Qxd2 17. Qxd2 Rxd2 18. Rxf7 Rxb2 19. f3 b5 20.
Bxb5 Bxf3 21. gxf3 Rxb5 22. Rxg7 Ra5 23. Ree7 Rc5 24. a4 Rc2 25. Kf1 h5 26. Ke1
Rd8 27. f4 Rf8 28. Rgf7 Rxf7 29. Rxf7 Rxh2 30. f5 Kd8 31. f6 Rh1+ 32. Kf2 Ke8
33. Rxc7 a5 34. Rc5 Kf7 35. Rxa5 Kxf6 36. Rb5 h4 37. Kg2 Ra1 38. a5 Ra3 39. Rh5
Rg3+ 40. Kh2 Kg6 41. Rxh4 Ra3 {Game drawn by mutual agreement} 1/2-1/2

[Event "Team 45 45 League T33"]
[Site "Internet Chess Club"]
[Date "2007.05.03"]
[Round "3"]
[White "Chesnut"]
[Black "IconoJett"]
[Result "1-0"]
[WhiteElo "1267"]
[BlackElo "943"]
[ECO "A40"]
[TimeControl "2700+45"]

1. d4 Nc6 2. e4 e5 3. dxe5 Nxe5 4. f4 Ng6 5. Nf3 f6 6. Nc3 Bb4 7. Bc4 d5 8. exd5
f5 9. O-O N8e7 10. Ne5 Bxc3 11. bxc3 Nxe5 12. fxe5 O-O 13. Ba3 c6 14. dxc6+ Kh8
15. Qxd8 Rxd8 16. Bxe7 Re8 17. cxb7 Bxb7 18. Bd6 Rac8 19. Rf4 Be4 20. Be6 Rxe6
21. Rf2 Rxc3 22. Rb1 Rc8 23. Rc1 g5 24. c4 f4 25. c5 g4 26. Rxf4 {Black resigns}
1-0

[Event "Team 45 45 League T33"]
[Site "Internet Chess Club"]
[Date "2007.05.06"]
[Round "3"]
[White "Knight77"]
[Black "Zebbile"]
[Result "0-1"]
[WhiteElo "1820"]
[BlackElo "2105"]
[ECO "A04"]
[TimeControl "2700+45"]

1. Nf3 c6 2. g3 Nf6 3. Bg2 g6 4. O-O Bg7 5. d3 d5 6. Nbd2 O-O 7. h3 Nbd7 8. e4
e5 9. Re1 Re8 10. c3 Nc5 11. Qc2 dxe4 12. dxe4 Nd3 13. Rd1 Nxc1 14. Raxc1 Qc7
15. Nf1 Be6 16. c4 Rad8 17. g4 Bc8 18. Ne3 b6 19. b4 Bb7 20. c5 b5 21. a4 a6 22.
h4 Bc8 23. Nh2 Rd4 24. g5 Nh5 25. axb5 axb5 26. Qc3 Nf4 27. Qc2 Rxb4 28. Neg4
Rc4 29. Qd2 Rxc1 30. Rxc1 Rd8 31. Qc2 Qd7 32. Bf1 Qd2 33. Ne3 Qxc2 34. Rxc2 Rd4
35. f3 Be6 36. Nhg4 Kf8 37. Rc1 Bb3 38. Bxb5 cxb5 39. c6 Ne2+ 40. Kf2 Nxc1 41.
c7 Be6 42. Nd5 Rc4 43. Nge3 Rc5 44. Ke1 Nd3+ 45. Kd2 Nf4 46. Nc3 b4 47. Na2
{White resigns} 0-1

[Event "Team 45 45 League T33"]
[Site "Internet Chess Club"]
[Date "2007.05.05"]
[Round "3"]
[White "AVEMARIA"]
[Black "Puedo"]
[Result "1/2-1/2"]
[WhiteElo "1772"]
[BlackElo "1804"]
[ECO "C77"]
[TimeControl "2700+45"]

1. e4 e5 2. Nf3 Nc6 3. Bb5 a6 4. Ba4 Nf6 5. Qe2 Be7 6. c3 d6 7. O-O Bd7 8. Rd1
O-O 9. Bc2 Re8 10. d4 Bf8 11. d5 Ne7 12. Bg5 Ng6 13. Nbd2 h6 14. Bxf6 Qxf6 15.
g3 Bg4 16. Qe3 Ne7 17. Rdc1 c6 18. c4 cxd5 19. cxd5 Rec8 20. Bd1 Ng6 21. Qb6 Qe7
22. a4 Qd7 23. a5 Rxc1 24. Rxc1 Rc8 25. Nc4 Rc5 26. b4 Rc8 27. Qe3 Bxf3 28. Bxf3
Qb5 29. Qb3 Be7 30. Be2 Nf8 31. Re1 Qe8 32. Nb6 Rc7 33. b5 Nd7 34. Nxd7 Qxd7 35.
bxa6 bxa6 36. Bxa6 Rc5 37. Qb8+ Kh7 38. Rb1 Rxa5 39. Bc8 Qa7 40. Qxa7 Rxa7 41.
Rb7 Rxb7 42. Bxb7 h5 43. Bc8 Bd8 44. f4 f6 45. Kg2 g5 46. fxg5 fxg5 47. g4 h4
48. h3 {Game drawn by mutual agreement} 1/2-1/2

[Event "Team 45 45 League T33"]
[Site "Internet Chess Club"]
[Date "2007.05.02"]
[Round "3"]
[White "hondocando"]
[Black "Frankly"]
[Result "1/2-1/2"]
[WhiteElo "1563"]
[BlackElo "1642"]
[ECO "C57"]
[TimeControl "2700+45"]

1. e4 e5 2. Nf3 Nc6 3. Bc4 Nf6 4. Ng5 d5 5. exd5 b5 6. Bxb5 Qxd5 7. Bxc6+ Qxc6
8. O-O Bb7 9. Qf3 e4 10. Qb3 Nd5 11. Nc3 h6 12. Qxd5 Qxd5 13. Nxd5 Bxd5 14. Nh3
g5 15. d3 O-O-O 16. Be3 a6 17. f3 exd3 18. cxd3 Bg7 19. d4 f5 20. b3 Rhe8 21.
Rfe1 Re6 22. Bf2 Rde8 23. Rxe6 Rxe6 24. Kf1 Bc6 25. Re1 Bb5+ 26. Kg1 Rxe1+ 27.
Bxe1 Bxd4+ 28. Bf2 Be5 29. Bc5 Bg7 30. Kf2 Kd7 31. Ke3 Ke6 32. g3 Kd5 33. Ba7 c5
34. Kf2 Be5 35. f4 Bd4+ 36. Ke1 g4 37. Nf2 c4 38. Bxd4 Kxd4 39. Kd2 h5 40. bxc4
Bxc4 41. a3 a5 42. Nd1 Bb3 43. Nb2 Ke4 44. Ke2 a4 45. Kf2 Kd4 46. Ke2 Kc3 47.
Nd1+ Bxd1+ 48. Kxd1 Kb3 49. Kd2 Kxa3 50. Kc3 Ka2 51. Kc2 Ka1 52. Kc1 Ka2 53. Kc2
{Game drawn by mutual agreement} 1/2-1/2

[Event "Team 45 45 League T33"]
[Site "Internet Chess Club"]
[Date "2007.05.06"]
[Round "3"]
[White "HoHo"]
[Black "mitus"]
[Result "1-0"]
[WhiteElo "1791"]
[BlackElo "1858"]
[ECO "C59"]
[TimeControl "2700+45"]

1. e4 e5 2. Nf3 Nc6 3. Bc4 Nf6 4. Ng5 d5 5. exd5 Na5 6. Bb5+ c6 7. dxc6 bxc6 8.
Be2 h6 9. Nf3 e4 10. Ne5 Bd6 11. Nc4 Nxc4 12. Bxc4 O-O 13. Nc3 Qe7 14. O-O Bxh2+
15. Kxh2 Ng4+ 16. Kg3 Qe5+ 17. f4 exf3+ 18. Kxf3 Nh2+ 19. Kf2 Qd4+ 20. Kg3 Qe5+
21. Kf2 Qf4+ 22. Kg1 Qg4 {Black resigns} 1-0

[Event "Team 45 45 League T33"]
[Site "Internet Chess Club"]
[Date "2007.05.07"]
[Round "3"]
[White "mambomex"]
[Black "Izeelden"]
[Result "1-0"]
[WhiteElo "1805"]
[BlackElo "1694"]
[ECO "B01"]
[TimeControl "2700+45"]

1. e4 d5 2. exd5 Qxd5 3. Nc3 Qa5 4. d4 c6 5. Nf3 Nf6 6. Bc4 Be6 7. Bxe6 fxe6 8.
O-O Nbd7 9. Re1 Qf5 10. Qe2 h6 11. Qxe6 Qxc2 12. Re2 Qh7 13. Bd2 Qg8 14. Qf5 g6
15. Qh3 g5 16. Ne5 g4 17. Nxd7 gxh3 18. Nxf6+ Kd8 19. Nxg8 Rxg8 20. g3 h5 21. d5
h4 22. dxc6 bxc6 23. Ne4 hxg3 24. fxg3 Bg7 25. Rd1 Kc7 26. Ba5+ Kb7 27. Nc5+ Kc8
28. Red2 Be5 29. Rd8+ Rxd8 30. Rxd8# {Black checkmated} 1-0

[Event "Team 45 45 League T33"]
[Site "Internet Chess Club"]
[Date "2007.05.06"]
[Round "3"]
[White "Avedldesierto"]
[Black "fantanaranja"]
[Result "1/2-1/2"]
[WhiteElo "1773"]
[BlackElo "1717"]
[ECO "B21"]
[TimeControl "2700+45"]

1. e4 c5 2. d4 cxd4 3. c3 Nf6 4. e5 Nd5 5. Qxd4 e6 6. Bc4 Nc6 7. Qd1 d6 8. Bxd5
exd5 9. Qxd5 Be6 10. Qb5 Qc7 11. exd6 Bxd6 12. Nf3 O-O 13. O-O Bg4 14. Nbd2 Rad8
15. h3 Be6 16. Nd4 Nxd4 17. cxd4 Be7 18. Qd3 Bb4 19. Nf3 Bc4 20. Qc2 Rc8 21. Rd1
Bd5 22. Qxc7 Rxc7 23. Be3 Rfc8 24. Ne1 Bd6 25. a3 h6 26. Rac1 g5 27. Rxc7 Rxc7
28. Rc1 Rxc1 29. Bxc1 f5 30. Bd2 f4 31. Nd3 Kf7 32. f3 Bc7 33. Kf2 Kf6 34. h4
Kf5 35. hxg5 hxg5 36. Bc3 Bb3 37. Nc5 Bd5 38. b4 b6 39. Nd3 g4 40. Ne5 g3+ 41.
Ke2 Bxe5 42. dxe5 Bc4+ 43. Ke1 Bd5 44. Bd4 Bc6 45. Kd2 Ke6 46. Ke2 Kf5 47. Kf1
Ke6 48. Bb2 Kf5 49. Ke1 {Game drawn by mutual agreement} 1/2-1/2

[Event "Team 45 45 League T33"]
[Site "Internet Chess Club"]
[Date "2007.05.05"]
[Round "3"]
[White "chipionero"]
[Black "isolani"]
[Result "1-0"]
[WhiteElo "1703"]
[BlackElo "1660"]
[ECO "E92"]
[TimeControl "2700+45"]

1. d4 Nf6 2. Nf3 g6 3. c4 Bg7 4. Nc3 O-O 5. e4 d6 6. Be2 e5 7. d5 h6 8. O-O Na6
9. Qc2 Bg4 10. Rb1 Nb4 11. Qd1 a5 12. a3 Na6 13. Be3 a4 14. Qxa4 Bd7 15. Qc2 Ng4
16. Bc1 f5 17. Nd2 Qh4 18. h3 Ne3 19. fxe3 f4 20. Nf3 Qg3 21. Bd1 Bxh3 22. Qf2
Bd7 23. Qxg3 fxg3 24. Ne2 g5 25. Nxg3 Bg4 26. b4 h5 27. Bb2 h4 28. Nf5 Rxf5 29.
exf5 Bxf5 30. Rc1 Bh6 31. Rc3 Nxb4 32. axb4 Ra2 33. Rb3 Bd7 34. b5 h3 35. gxh3
Bxh3 36. Rf2 g4 37. Nh4 {Black resigns} 1-0

[Event "Team 45 45 League T33"]
[Site "Internet Chess Club"]
[Date "2007.05.03"]
[Round "3"]
[White "Bug"]
[Black "Pawnster"]
[Result "0-1"]
[WhiteElo "2134"]
[BlackElo "2190"]
[ECO "B13"]
[TimeControl "2700+45"]

1. e4 c6 2. d4 d5 3. exd5 cxd5 4. c4 Nf6 5. Nc3 Nc6 6. Bg5 e6 7. Nf3 Be7 8. c5
O-O 9. Rc1 Bd7 10. Bb5 h6 11. Bf4 a6 12. Bxc6 Bxc6 13. O-O Nh5 14. Be3 Nf6 15.
Ne5 Nd7 16. Nxc6 bxc6 17. Bf4 Bf6 18. Bg3 e5 19. Ne2 Qa5 20. a3 Rfe8 21. f3 exd4
22. Nxd4 Bxd4+ 23. Qxd4 Re2 24. Be1 Qb5 25. b4 Rae8 26. Bc3 f6 27. Rfe1 Kf7 28.
Qg4 Qd3 29. h3 Ne5 30. Qh5+ Ng6 31. Rxe2 Rxe2 32. Kh2 d4 33. Ba1 Rxg2+ 34. Kxg2
Qd2+ 35. Kg3 Qxc1 36. f4 Qg1+ 37. Kf3 Qd1+ {White resigns} 0-1